 Dungeon Crawl Stone Soup version 0.27-a0-1513-g2aaa0cc67b (webtiles) character file.

Game seed: 7095097522232827598

11494 Spaninq the Thaumaturge (level 12, -8/78 HPs)
             Began as a Djinni Fire Elementalist on July 9, 2021.
             Was a Believer of Elyvilon.
             Shot with an arrow by a centaur warrior (23 damage)
             ... on level 11 of the Dungeon.
             The game lasted 01:18:01 (17696 turns).

Spaninq the Thaumaturge (Djinni Fire Elementalist) Turns: 17696, Time: 01:18:02

Health: -8/78      AC:  9    Str:  7    XL:     12   Next: 8%
Gold:   599        EV: 12    Int: 21    God:    Elyvilon [**....] SH:  0 Dex: 15

rFire    + + +     SeeInvis .   e - staff of fire
rCold    x . .     Faith    .   (no shield)
rNeg     . . .     Spirit   .   H - +0 steam dragon scales
rPois    ∞         Reflect  .   C - +0 helmet
rElec    .         Harm     .   j - +1 cloak {rCorr}
rCorr    +         Rampage  .   K - +0 pair of gloves
Will     +....                  (boots unavailable)
Stlth    ++........             (no amulet)
HPRegen  0.23/turn              (no ring)
MPRegen  0.00/turn              (no ring)

@: flying
A: sickness immunity, fire resistance 2, cold vulnerability 1, float, innate
caster, hp casting, extra vitality 1
a: Renounce Religion, Lesser Healing, Heal Other, Divine Protection


You were on level 11 of the Dungeon.
You worshipped Elyvilon.
Elyvilon was pleased with you.
You visited 2 branches of the dungeon, and saw 12 of its levels.
You also visited: Sewer, Ossuary and Bailey.

You collected 654 gold pieces.
You spent 55 gold pieces at shops.

Inventory:

Hand Weapons
 s - a +2 short sword of venom
Missiles
 a - a curare-tipped dart
 F - 11 throwing nets
Armour
 g - a +0 tower shield
 j - a +1 cloak of preservation (worn)
 p - a +3 scale mail
 r - a +0 scale mail
 C - a +0 helmet (worn)
 H - +0 steam dragon scales (worn)
 K - a +0 pair of gloves (worn)
Magical Staves
 e - a staff of fire (weapon)
 D - a staff of earth
 E - a staff of conjuration
Jewellery
 o - a ring of resist corrosion
 v - a ring of magical power
Wands
 q - a wand of flame (51)
 t - a wand of paralysis (9)
 B - a wand of polymorph (11)
 G - a wand of iceblast (15)
Scrolls
 c - 9 scrolls of identify
 l - 2 scrolls of fog
 u - 2 scrolls of magic mapping
 w - a scroll of teleportation
 x - a scroll of enchant armour
 y - a scroll of silence
 A - a scroll of holy word
Potions
 b - 4 potions of invisibility
 d - 5 potions of attraction
 f - 2 potions of brilliance
 h - 4 potions of haste
 i - a potion of mutation
 k - 2 potions of lignification
 m - 7 potions of might
 n - 7 potions of curing
 z - a potion of resistance
Miscellaneous
 I - a tin of tremorstones (2/2)
 J - a box of beasts


   Skills:
 - Level 4.0 Fighting
 - Level 2.1 Dodging
 - Level 1.5 Stealth
 * Level 13.4 Spellcasting
 + Level 1.9 Invocations


You had 9 spell levels left.
You knew the following spells:

 Your Spells              Type           Power      Damage    Failure   Level
a - Foxfire               Conj/Fire      100%       2x1d9     1%          1
b - Conjure Flame         Conj/Fire      82%        6-21      1%          3
c - Inner Flame           Hex/Fire       82%        N/A       1%          3
d - Sticky Flame          Conj/Fire      82%        2d9       1%          4
e - Fireball              Conj/Fire      41%        3d17      1%          5
f - Shock                 Conj/Air       100%       1d9       1%          1
g - Static Discharge      Conj/Air       63%        N/A       1%          2
h - Wereblood             Tmut           63%        N/A       1%          2
i - Tukima's Dance        Hex            63%        N/A       1%          3
j - Cause Fear            Hex            31%        N/A       1%          4
Your spell library was empty.

Dungeon Overview and Level Annotations

Branches:
Dungeon (11/15)            Temple (1/1) D:7            Lair (0/6) D:9
  Sewer (visited)         Ossuary (visited)          Bailey (visited)
    Orc: D:9-12

Altars:
Ashenzari
Cheibriados
Dithmenos
Elyvilon
Fedhas
Gozag
Hepliaklqana
Kikubaaqudgha
Makhleb
Nemelex Xobeh
Okawaru
Qazlal
Ru
Sif Muna
Trog
Uskayaw
Vehumet
Wu Jian
Xom
Yredelemnul
Zin
The Shining One

Shops:
D:3 :   D:8 !

Annotations:
D:9 3 runed translucent doors, exclusion: 2 obsidian statues, zarzak's ghost, novice DgFi
D:10 1 runed translucent door


Innate Abilities, Weirdness & Mutations

You are immune to sickness and miasma.
You are immune to poison.
Your flesh is very heat resistant. (rF++)
You are vulnerable to cold. (rC-)
You float through the air rather than walking.
You learn spells naturally, not from books.
Your magical power is your life essence.
You have superior vitality. (+4 HP)


Message History

Something hits you but does no damage.
Deactivating autopickup; reactivate with Ctrl-A.
Casting: Fireball (dangerous; 1% risk of failure)
Confirm with . or Enter, or press ? or * to list all spells.
Aiming: Fireball (dangerous; 1% risk of failure)
Press: ? - help, Shift-Dir - straight line
Okay, then.
Casting: Fireball (dangerous; 1% risk of failure)
Confirm with . or Enter, or press ? or * to list all spells.
You can't see any susceptible monsters within range! (Use Z to cast anyway.)
Casting: Fireball (dangerous; 1% risk of failure)
Confirm with . or Enter, or press ? or * to list all spells.
Aiming: Sticky Flame (safe; 1% risk of failure)
Press: ? - help, Shift-Dir - straight line You feel a surge of power!
The sticky flame hits something.
The unseen horror is covered in liquid flames!
An unseen horror comes into view.
The unseen horror burns!
The unseen horror hits you but does no damage.
Casting: Sticky Flame (safe; 1% risk of failure)
Confirm with . or Enter, or press ? or * to list all spells.
Aiming: Fireball (dangerous; 1% risk of failure)
Press: ? - help, Shift-Dir - straight line
Okay, then.
The centaur warrior shouts!
The unseen horror burns!
You kill the unseen horror!
Reactivating autopickup.
The centaur warrior wields a +0 shortbow.
The centaur warrior shoots an arrow.
The arrow hits you!
A manticore and a cyclops come into view.
The cyclops shouts!
The centaur warrior shoots an arrow.
The arrow barely misses you.
The centaur warrior shoots an arrow.
The arrow hits you!
The centaur warrior shoots an arrow.
The arrow hits you.
There is a stone staircase leading up here.
The centaur warrior shoots an arrow.
The arrow hits you!!
* * * LOW HITPOINT WARNING * * *
The centaur warrior shoots an arrow.
The arrow hits you!!
You die...

#############
............
#..........
#..........
#..........
#####.@........
................
..######........
#C.......
#H.....c.
.........
.........
.........
.....#####


You could see a centaur warrior, a manticore and a cyclops.

Vanquished Creatures
  Harold (D:9)
  2 unseen horrors
  A komodo dragon (D:9)
  A hornet (D:9)
  A shadow (D:10)
  A wraith (D:6)
  Sigmund (D:5)
  A vampire (D:9)
  9 yaks
  9 vampire mosquitoes
  A steam dragon (D:8)
  An acid dragon (D:9)
  A water moccasin (D:8)
  An ice beast (D:7)
  A sky beast (D:6)
  2 orc warriors
  A necrophage (D:6)
  4 black bears
  3 ogres
  8 centaurs
  A phantom (D:4)
  An elf zombie (Ossuary)
  2 bullfrogs
  5 kobold brigands
  10 gnoll sergeants
  A wyvern zombie (D:7)
  6 scorpions
  18 killer bees
  4 electric eels (D:8)
  3 howler monkeys
  4 centaur zombies
  2 human zombies (Ossuary)
  8 gnoll shamans
  8 orc priests
  2 centaur skeletons (D:7)
  3 hounds
  Ijyb (D:5)
  3 iguanas
  5 orc wizards
  A killer bee zombie (D:8)
  3 ogre zombies (Ossuary)
  A hound skeleton (D:4)
  7 mummies (Ossuary)
  2 howler monkey zombies (D:6)
  34 gnolls
  8 adders
  3 adder zombies (Ossuary)
  4 worms
  A dart slug (D:2)
  25 orcs
  10 ball pythons
  10 bats
  6 endoplasms
  5 giant cockroaches
  9 goblins
  6 hobgoblins
  5 jackals
  32 kobolds
  5 quokkas
  3 frilled lizards
  3 goblin zombies (Ossuary)
  3 hobgoblin zombies (Ossuary)
  4 kobold zombies (Ossuary)
  5 quokka zombies (Ossuary)
  4 rats
  4 rat zombies (Ossuary)
  A bush (D:9)
341 creatures vanquished.

Vanquished Creatures (collateral kills)
  5 foxfires
5 creatures vanquished.

Vanquished Creatures (others)
  A human (D:3)
  950 foxfires
  60 plants
1011 creatures vanquished.

Grand Total: 1357 creatures vanquished

Notes
Turn   | Place    | Note
-------+----------+-------------------------------------------
     0 | D:1      | Spaninq the Djinni Fire Elementalist began the quest for
                  | the Orb.
     0 | D:1      | Reached XP level 1. HP: 15/15 MP: 0/0
   126 | D:1      | Reached XP level 2. HP: 15/22 MP: 0/0
   294 | D:1      | Reached skill level 1 in Fighting
   375 | D:1      | Reached XP level 3. HP: 15/27 MP: 0/0
   375 | D:1      | Learned a level 1 spell: Shock
   377 | D:1      | Reached skill level 3 in Spellcasting
   598 | D:1      | Found a faded altar of an unknown god.
  1485 | D:2      | Reached XP level 4. HP: 30/33 MP: 0/0
  1712 | D:2      | Found a shimmering altar of Xom.
  2459 | D:3      | Found a glowing drain.
  2473 | Sewer    | Entered a sewer
  2489 | Sewer    | Reached XP level 5. HP: 37/38 MP: 0/0
  2489 | Sewer    | Learned a level 2 spell: Static Discharge
  2498 | Sewer    | Noticed a kobold brigand
  2508 | Sewer    | Killed a kobold brigand
  2509 | Sewer    | Reached skill level 4 in Spellcasting
  2853 | D:3      | Reached XP level 6. HP: 39/45 MP: 0/0
  3125 | D:3      | Found Fyklonnu's Book Shop.
  3483 | D:3      | Noticed a human
  3488 | D:3      | Killed a human
  3675 | D:4      | Reached XP level 7. HP: 32/50 MP: 0/0
  3675 | D:4      | Learned a level 2 spell: Wereblood
  3936 | D:4      | Reached skill level 5 in Spellcasting
  5700 | D:4      | Reached skill level 6 in Spellcasting
  5700 | D:4      | Reached XP level 8. HP: 40/58 MP: 0/0
  5856 | D:5      | Entered Level 5 of the Dungeon
  5990 | D:5      | Noticed Sigmund
  6134 | D:5      | Noticed Ijyb
  6143 | D:5      | Killed Ijyb
  6631 | D:5      | Reached skill level 7 in Spellcasting
  6892 | D:5      | Killed Sigmund
  7341 | D:6      | Identified a scroll of acquirement
  7341 | D:6      | Acquired a +0 cloak of preservation
  7396 | D:6      | Reached XP level 9. HP: 56/62 MP: 0/0
  7396 | D:6      | Learned a level 3 spell: Tukima's Dance
  7510 | D:6      | Reached skill level 8 in Spellcasting
  8037 | D:6      | Reached skill level 9 in Spellcasting
  8570 | D:6      | Found a shimmering altar of Xom.
  8571 | D:6      | Found a hazy altar of Hepliaklqana.
  8572 | D:6      | Noticed a spectral ugly thing
  9028 | D:6      | Reached XP level 10. HP: 29/67 MP: 0/0
  9518 | D:7      | Found a sand-covered staircase.
  9525 | Ossuary  | Entered an ossuary
  9641 | Ossuary  | Reached skill level 10 in Spellcasting
 10580 | D:7      | Found a staircase to the Ecumenical Temple.
 10586 | Temple   | Entered the Ecumenical Temple
 12063 | D:8      | Reached skill level 11 in Spellcasting
 12371 | Temple   | Became a worshipper of Elyvilon the Healer
 12809 | D:8      | Found a broken altar of Ashenzari.
 12824 | D:8      | Reached XP level 11. HP: 68/73 MP: 0/0
 12824 | D:8      | Learned a level 4 spell: Cause Fear
 12836 | D:8      | Saw a vision of the Shoals and the Snake Pit.
 12836 | D:8      | Noticed a sea snake
 12836 | D:8      | Noticed a naga ritualist
 12836 | D:8      | Noticed an anaconda
 12836 | D:8      | Noticed an anaconda
 12836 | D:8      | Noticed an anaconda
 12836 | D:8      | Noticed a naga warrior
 12838 | D:8      | Noticed a sea snake
 12906 | D:8      | Found Xemoruth's Distillery.
 12914 | D:8      | Bought a potion of heal wounds for 55 gold pieces
 13554 | D:9      | Found a bloodstained altar of Trog.
 13571 | D:9      | Reached skill level 12 in Spellcasting
 13586 | D:9      | Reached * piety under Elyvilon
 13702 | D:9      | Found a flagged portal.
 13761 | Bailey   | Entered a bailey
 15083 | D:9      | Noticed an obsidian statue
 15140 | D:9      | Found a runed translucent gate.
 15140 | D:9      | Found a runed translucent gate.
 15140 | D:9      | Found an opulent altar of Gozag.
 15141 | D:9      | Found a runed translucent gate.
 15141 | D:9      | Noticed an obsidian statue
 15143 | D:9      | Noticed zarzak's ghost (novice DgFi)
 15143 | D:9      | Noticed an ice dragon
 15289 | D:9      | Found a staircase to the Lair.
 16097 | D:9      | Found a hide-covered altar of Uskayaw.
 16202 | D:10     | Entered Level 10 of the Dungeon
 16205 | D:10     | Reached skill level 13 in Spellcasting
 16315 | D:10     | Noticed Harold
 16327 | D:9      | Killed Harold
 16665 | D:10     | Found a runed translucent door.
 16665 | D:10     | Noticed a sixfirhy
 16666 | D:10     | Reached ** piety under Elyvilon
 17483 | D:11     | Reached skill level 1 in Invocations
 17539 | D:11     | Reached XP level 12. HP: 62/78 MP: 0/0
 17617 | D:11     | Noticed a centaur warrior
 17696 | D:11     | Shot with an arrow by a centaur warrior

Illustrated notes

Levels and vault maps discovered:
D:1:      matt_arrival_spirals, layout_loops_ring,
          hellmonk_ecumenical_altar_run_dry, minmay_pentomino_w4
D:2:      layout_loops_ring, basic_altar
D:3:      layout_basic, tgw_kikubaaqudgha, cheibrodos_sewer_entry_sluice,
          serial_shops, shop
D:4:      wad_lake_hut, layout_basic, minivault_5
D:5:      layout_loops_ring, uniq_sigmund, uniq_ijyb
D:6:      minmay_chambers_of_fours, layout_basic,
          regret_index_temple_of_mockery, kennysheep_cluttered_room
D:7:      layout_loops_cross, minmay_temple_entry_hall,
          nicolae_ossuary_entry_monument
D:8:      layout_basic, grunt_ashenzari_visionary
          [grunt_ashenzari_visionary_shoals, grunt_ashenzari_visionary_snake],
          serial_shops, nicolae_inconvenience_store, minmay_increasing_density
D:9:      layout_rooms, eat_drink_and_be_merry_uskayaw, trog_ov_bears_minmay,
          david_lair_shrubbed, enter_bailey_7, ebering_ghost_gozag, minivault_15
D:10:     cheibrodos_shockbox, layout_basic, uniq_harold
D:11:     layout_long_grid, serial_shops, shop_statue, minmay_bent, uniq_erolcha
Temple:   eino_temple_scatter_basement

Skill      XL: |  1  2  3  4  5  6  7  8  9 10 11 |
---------------+----------------------------------+-----
Fighting       | 1 2 3 4 |  4.0
Spellcasting   | 3 4 6 7 9 11 13 | 13.4
Invocations    | 1 |  1.9
Dodging        | |  2.1
Stealth        | |  1.5

Action                   |  1- 3 |  4- 6 |  7- 9 | 10-12 || total
-------------------------+-------+-------+-------+-------++-------
Melee: Unarmed           |     2 |       |       |       ||     2
       Staff             |     3 |    15 |     3 |     6 ||    27
 Cast: Foxfire           |    51 |   107 |   249 |   164 ||   571
       Sticky Flame      |       |       |     8 |    37 ||    45
       Shock             |       |       |     3 |       ||     3
       Fireball          |       |       |     2 |    93 ||    95
       Inner Flame       |       |       |       |     4 ||     4
       Conjure Flame     |       |       |       |     1 ||     1
  Use: Scroll            |       |     4 |    15 |    10 ||    29
       Potion            |       |     1 |     5 |     5 ||    11
 Stab: Sleeping          |     1 |       |       |       ||     1
Armor: Robe              |     3 |     6 |    23 |    18 ||    50
       Steam dragon scal |       |       |       |    32 ||    32
Dodge: Dodged            |     8 |    45 |    66 |    95 ||   214

Table legend: (Time is in decaauts)
 A = Elapsed time spent in this place.
 B = Non-inter-level travel time spent in this place.
 C = Inter-level travel time spent in this place.
 D = Time resting spent in this place.
 E = Time spent auto-exploring this place.
 F = Levels seen in this place.
 G = Mean time per level.
                   A        B        C        D        E       F      G
               +--------+--------+--------+--------+--------+-----+--------+
         Total |  17734 |  17092 |    642 |   2977 |  10601 |  15 | 1182.3 |
       Dungeon |  14816 |  14228 |    588 |   2007 |   9466 |  11 | 1346.9 |
        Temple |    261 |    208 |     53 |      0 |    184 |   1 |  261.0 |
         Sewer |    369 |    369 |      0 |      0 |    193 |   1 |  369.0 |
       Ossuary |    990 |    990 |      0 |    132 |    645 |   1 |  990.0 |
        Bailey |   1296 |   1296 |      0 |    838 |    113 |   1 | 1296.0 |
               +--------+--------+--------+--------+--------+-----+--------+

Top non-repeatable levels by time:
     D:6: 2163 daAuts
     D:4: 2012 daAuts
     D:8: 1891 daAuts
     D:9: 1730 daAuts
     D:5: 1449 daAuts
     D:3: 1409 daAuts
  Bailey: 1296 daAuts
     D:1: 1242 daAuts
 Ossuary: 990 daAuts
    D:10: 978 daAuts
     D:7: 944 daAuts
     D:2: 849 daAuts
   Sewer: 369 daAuts
  Temple: 261 daAuts
    D:11: 146 daAuts
